 Dungeon Crawl Stone Soup version 0.28-a0-1344-g6b9ff3a05d (webtiles) character file.

Game seed: 13691911885375354190

2816 Deminshera the Party-goer (level 9, -6/72 HPs)
             Began as a Demonspawn Monk on Dec 29, 2021.
             Was a Follower of Uskayaw.
             Mangled by a two-headed ogre (25 damage)
             ... on level 7 of the Dungeon.
             The game lasted 00:12:53 (8129 turns).

Deminshera the Party-goer (Demonspawn Monk)         Turns: 8129, Time: 00:12:54

Health: -6/72      AC: 14    Str: 15    XL:     9   Next: 44%
Magic:  12/15      EV: 12    Int: 13    God:    Uskayaw [*.....]
Gold:   221        SH:  0    Dex: 17    Spells: 8/8 levels left

rFire   . . .      SeeInvis .   d - +2 short sword (venom)
rCold   x . .      Faith    .   (no shield)
rNeg    . . .      Spirit   .   j - +8 ring mail of Midsummer {rC- Will++}
rPois   .          Reflect  .   (helmet restricted)
rElec   .          Harm     .   B - +0 cloak {rCorr}
rCorr   +          Rampage  .   (no gloves)
Will    +++..                   (no boots)
Stlth   +++.......              (no amulet)
HPRegen 0.22/turn               x - ring of willpower
MPRegen 0.14/turn               (no ring)

@: no status effects
A: antennae 2, thin skeletal structure 1, demonic guardian 1, ignite blood 1
a: Renounce Religion, Stomp


You were on level 7 of the Dungeon.
You worshipped Uskayaw.
Uskayaw was aware of your devotion.
You visited 1 branch of the dungeon, and saw 7 of its levels.
You also visited: Sewer.

You collected 221 gold pieces.

Inventory:

Hand Weapons
 b - a +2 dagger of draining
 d - a +2 short sword of venom (weapon)
Missiles
 n - 3 curare-tipped darts (quivered)
Armour
 c - a +1 leather armour
 j - the +8 ring mail of Midsummer (worn) {rC- Will++}
   (You found it on level 2 of the Dungeon)

   rC:        It makes you vulnerable to cold.
   Will:      It greatly increases your willpower.
 B - a +0 cloak of preservation (worn)
Jewellery
 x - a ring of willpower (left hand)
 G - a +6 ring of intelligence
Wands
 h - a wand of flame (58)
 v - a wand of iceblast (6)
 y - a wand of digging (1)
 F - a wand of polymorph (10)
Scrolls
 f - 2 scrolls of vulnerability
 q - a scroll of amnesia
 r - a scroll of noise {unknown}
 t - 3 scrolls of immolation
 u - a scroll of fog {unknown}
 C - a scroll of brand weapon {unknown}
 D - a scroll of fear {unknown}
 E - a scroll of acquirement {unknown}
Potions
 a - 2 potions of berserk rage
 e - 3 potions of haste
 i - 2 potions of mutation
 k - 2 potions of invisibility
 l - a potion of brilliance
 m - 2 potions of might
 o - a potion of magic
 p - a potion of heal wounds {unknown}
 s - a potion of attraction {unknown}
 w - a potion of curing {unknown}
 z - a potion of cancellation {unknown}
 A - a potion of flight {unknown}


   Skills:
 + Level 7.4 Fighting
 - Level 8.0 Short Blades
 - Level 3.0 Armour
 - Level 3.0 Dodging
 - Level 3.0 Stealth
 - Level 8.0 Invocations


You had 8 spell levels left.
You didn't know any spells.
Your spell library contained the following spells:

 Spells                   Type           Power      Damage    Failure   Level
 Sandblast                Erth           0%         2d4       52%         1
 Corpse Rot               Necr/Air       0%         N/A       65%         2
 Passwall                 Tmut/Erth      0%         N/A       65%         2
 Ignite Poison            Fire/Tmut/Pois 0%         N/A       87%         3
 Inner Flame              Hex/Fire       0%         N/A       87%         3
 Mephitic Cloud           Conj/Pois/Air  0%         N/A       87%         3
 Stone Arrow              Conj/Erth      0%         3d7       87%         3
 Dispel Undead            Necr           0%         3d6       99%         4
 Alistair's Intoxication  Tmut/Pois      0%         N/A       100%        5
 Death Channel            Necr           0%         N/A       100%        6


Dungeon Overview and Level Annotations

Branches:
Dungeon (7/15)             Temple (0/1) D:6           Sewer (visited)

Altars:
Cheibriados
Dithmenos
Elyvilon
Fedhas
Qazlal
Sif Muna
Uskayaw
Vehumet

Shops:
D:2 !


Innate Abilities, Weirdness & Mutations

You have a pair of antennae on your head.
You have a somewhat thin skeletal structure. (Dex +2, Stealth+)
A weak demonic guardian rushes to your aid.
Your demonic aura sometimes causes spilled blood to erupt in flames.


Message History

You see here 15 stones.
There is a stone staircase leading down here.
You climb downwards.
You hear the roar of battle.
There is an entrance to a bailey on this level.
Hurry and find it before the portal closes forever!
Found a stone staircase leading down.
There is a stone staircase leading up here.
Found 19 stones.
The two-headed ogre shouts in stereo!
The two-headed ogre hits you with a +0 giant club!
The two-headed ogre barely misses you.
You closely miss the two-headed ogre.
The hornet zombie hits you but does no damage.
You hit the two-headed ogre.
The two-headed ogre is lightly wounded.
The two-headed ogre barely misses you. The two-headed ogre closely misses you.
The hornet zombie hits you.
You hit the two-headed ogre.
The two-headed ogre is poisoned.
The two-headed ogre is lightly wounded.
You hit the two-headed ogre.
The two-headed ogre looks as sick as possible!
The two-headed ogre is moderately wounded.
The hornet zombie hits you but does no damage.
The two-headed ogre hits you with a +0 giant club!
The two-headed ogre closely misses you.
You hit the two-headed ogre.
The two-headed ogre is moderately wounded.
The hornet zombie hits you but does no damage.
You barely miss the two-headed ogre.
The two-headed ogre is moderately wounded.
The hornet zombie misses you.
The two-headed ogre hits you with a +0 giant club!!
* * * LOW HITPOINT WARNING * * *
The two-headed ogre hits you but does no damage.
You stomp with the beat, sending a shockwave through the revellers around you!
The hornet zombie is moderately damaged.
The two-headed ogre is heavily wounded.
The hornet zombie closely misses you.
The two-headed ogre hits you with a +0 giant club!!
You die...

.# #.(# o..> ...
...## .... ##..
.....# ..... ...
.....
.....##.##...##
..............#
........ZO...#
........@...###
.......<........
...##.#.......#.
#. ###.#.#.# ..
#.#.## .. ###.#
.. ## .


You could see a two-headed ogre (extremely poisoned) and a hornet zombie.

Vanquished Creatures
  An ugly thing (D:6)
  Sigmund (D:2)
  2 water moccasins (D:6)
  2 necrophages
  2 black bears
  3 ogres
  2 ice beasts
  A centaur (D:6)
  A phantom (D:5)
  4 kobold brigands (Sewer)
  3 bullfrogs
  2 scorpions
  2 water moccasin zombies
  A howler monkey (D:4)
  2 hounds (D:6)
  Crazy Yiuf (D:5)
  2 iguanas
  An orc wizard (D:4)
  Ijyb (D:5)
  11 adders
  2 river rats
  A white imp (D:5)
  5 worms
  3 dart slugs
  12 orcs
  8 endoplasms
  3 giant cockroaches
  3 goblins
  6 hobgoblins
  10 kobolds
  2 quokkas (D:2)
  10 ball pythons
  3 bats
  6 frilled lizards
  10 rats
129 creatures vanquished.

Notes
Turn   | Place    | Note
-------+----------+-------------------------------------------
     0 | D:1      | Deminshera the Demonspawn Monk began the quest for the Orb.
     0 | D:1      | Reached XP level 1. HP: 18/18 MP: 1/1
   196 | D:1      | Gained mutation: You have a pair of small antennae on your
                  | head. [demonic ancestry]
   196 | D:1      | Reached XP level 2. HP: 20/24 MP: 2/2
  1250 | D:2      | Found a hide-covered altar of Uskayaw.
  1283 | D:2      | Reached XP level 3. HP: 25/29 MP: 3/3
  1663 | D:2      | Found a faded altar of an unknown god.
  1766 | D:2      | Became a worshipper of Uskayaw the Reveller
  1766 | D:2      | Reached * piety under Uskayaw
  1806 | D:2      | Identified the +8 ring mail of Midsummer {rC- Will++}
  1914 | D:2      | Reached ** piety under Uskayaw
  1944 | D:2      | Gained mutation: Your demonic aura sometimes causes spilled
                  | blood to erupt in flames. [demonic ancestry]
  1944 | D:2      | Reached XP level 4. HP: 37/37 MP: 0/4
  2241 | D:2      | Noticed Sigmund
  2251 | D:2      | Killed Sigmund
  2252 | D:2      | Reached skill level 5 in Fighting
  2252 | D:2      | Reached XP level 5. HP: 39/44 MP: 1/5
  2382 | D:2      | Found Wagum's Distillery.
  2433 | D:3      | Found a radiant altar of Vehumet.
  2495 | D:3      | Found a glowing drain.
  2520 | Sewer    | Entered a sewer
  2567 | Sewer    | Reached XP level 6. HP: 38/51 MP: 6/6
  3361 | Sewer    | Gained mutation: You have a pair of antennae on your head.
                  | [demonic ancestry]
  3361 | Sewer    | Reached XP level 7. HP: 23/59 MP: 4/7
  3869 | D:3      | Found a snail-covered altar of Cheibriados.
  4288 | D:3      | Identified the +7 dagger of Departure {pain, Fragile MP+9
                  | Int+4 Dex+3}
  4746 | D:4      | Reached skill level 1 in Invocations
  5112 | D:4      | Found a shimmering blue altar of Sif Muna.
  5120 | D:4      | Found a shadowy altar of Dithmenos.
  5213 | D:4      | Reached skill level 5 in Invocations
  5417 | D:4      | Gained mutation: You have a somewhat thin skeletal
                  | structure. (Dex +2, Stealth+) [demonic ancestry]
  5417 | D:4      | Reached XP level 8. HP: 59/67 MP: 12/12
  5573 | D:4      | Found a stormy altar of Qazlal.
  5596 | D:4      | Reached *** piety under Uskayaw
  5696 | D:5      | Entered Level 5 of the Dungeon
  5834 | D:5      | Found a blossoming altar of Fedhas.
  5834 | D:5      | Noticed Ijyb
  5841 | D:5      | Killed Ijyb
  6093 | D:5      | Found a runed translucent door.
  6094 | D:5      | Noticed Crazy Yiuf
  6106 | D:5      | Killed Crazy Yiuf
  6628 | D:5      | Reached skill level 5 in Short Blades
  7005 | D:6      | Found a staircase to the Ecumenical Temple.
  7005 | D:6      | Noticed a brown ugly thing
  7065 | D:6      | Gained mutation: A weak demonic guardian rushes to your
                  | aid. [demonic ancestry]
  7065 | D:6      | Reached XP level 9. HP: 15/72 MP: 8/15
  7068 | D:6      | Killed a brown ugly thing
  8017 | D:6      | Got the Reference Book on Fire and Venom
  8121 | D:7      | Noticed a two-headed ogre
  8129 | D:7      | Mangled by a two-headed ogre

Illustrated notes

Levels and vault maps discovered:
D:1:      dpeg_arrival_rooms_with_view, layout_basic, minmay_misc_feat_cross
D:2:      layout_loops_cross, basic_altar, ebering_ecumenical_altar_box,
          serial_shops, nicolae_lakefront_shop, uniq_sigmund
D:3:      layout_loops_corners, cheibriados_altar_2,
          mainiacjoe_overflow_small_starburst, portal_sewer_entry_b
D:4:      minmay_skewed_foursquare, layout_basic, grunt_temple_overflow_open,
          lemuel_round_altar
D:5:      layout_loops_ring, mainiacjoe_overflow_24_doors, uniq_ijyb,
          uniq_crazy_yiuf_cottage
D:6:      layout_basic, mainiacjoe_overflow_chevrons, minmay_temple_entry_trees
D:7:      layout_cave_pools, kennysheep_little_box, enter_bailey_6,
          serial_shops, shop, chequers_serial_rivers_small_a,
          roderic_roman_lattice, nicolae_shop_self_help, uniq_maggie

Skill      XL: |  1  2  3  4  5  6  7  8  9 |
---------------+----------------------------+-----
Stealth        | 2 3 |  3.0
Short Blades   | 3 6 8 |  8.0
Fighting       | 4 5 6 7 |  7.4
Armour         | 2 3 |  3.0
Dodging        | 3 |  3.0
Invocations    | 6 8 |  8.0

Action                   |  1- 3 |  4- 6 |  7- 9 || total
-------------------------+-------+-------+-------++-------
Melee: Dagger            |     7 |       |       ||     7
       Short sword       |    59 |   188 |   286 ||   533
Invok: Stomp             |     1 |     5 |     2 ||     8
       Line Pass         |       |       |     3 ||     3
Evoke: Wand              |       |       |     2 ||     2
  Use: Scroll            |       |     2 |     9 ||    11
 Stab: Sleeping          |     6 |     3 |     7 ||    16
       Distracted        |       |       |     1 ||     1
       Paralysed         |       |       |     1 ||     1
Armor: Robe              |     1 |       |       ||     1
       Leather armour    |     4 |       |       ||     4
       Ring mail         |     7 |    71 |   134 ||   212
Dodge: Dodged            |    34 |    95 |   138 ||   267

Table legend: (Time is in decaauts)
 A = Elapsed time spent in this place.
 B = Non-inter-level travel time spent in this place.
 C = Inter-level travel time spent in this place.
 D = Time resting spent in this place.
 E = Time spent auto-exploring this place.
 F = Levels seen in this place.
 G = Mean time per level.
                   A        B        C        D        E       F      G
               +--------+--------+--------+--------+--------+-----+--------+
         Total |   8260 |   7916 |    344 |   1197 |   5470 |   8 | 1032.5 |
       Dungeon |   6854 |   6510 |    344 |    969 |   4597 |   7 |  979.1 |
         Sewer |   1405 |   1405 |      0 |    228 |    872 |   1 | 1405.0 |
               +--------+--------+--------+--------+--------+-----+--------+

Top non-repeatable levels by time:
     D:6: 1463 daAuts
   Sewer: 1405 daAuts
     D:1: 1249 daAuts
     D:2: 1244 daAuts
     D:4: 1123 daAuts
     D:5: 935 daAuts
     D:3: 831 daAuts
     D:7: 5 daAuts
